Map: Abandoned Parish

Players

Mangomera - Winner!

  • Race: Terran Terran
  • Spawn Location: 9:00

curnon - Winner!

  • Race: Protoss Protoss
  • Spawn Location: 12:00

Hindulaatti - Winner!

  • Race: Protoss Protoss
  • League: Diamond
  • Spawn Location: 12:00

Rostislav - Winner!

  • Race: Protoss Protoss
  • Spawn Location: 3:00

Ikke

  • Race: Terran Terran
  • Spawn Location: 7:00

Nutzratte

  • Race: Terran Terran
  • Spawn Location: 6:00

Eiron

  • Race: Protoss Protoss
  • Spawn Location: 6:00

Schizzy

  • Race: Protoss Protoss
  • League: Silver
  • Spawn Location: 3:00

VOD

Have the link to the VOD?

Description

Time

  • Played on: Jan. 7, 2016, 11:43 a.m.
  • Length: 13:35
Show
View Real Time Build Order
Export as new Build Order

Mangomera Terran - Winner!

Build Orders:  

Get SALT Encoding   

  12  0:15  SCV  
  13  0:42  Command Center  
  13  0:51  Refinery  
  13  0:55  Refinery, SCV  
  14  1:13  Supply Depot  
  14  1:15  SCV  
  15  1:27  Engineering Bay  
  15  1:34  SCV  
  16  1:46  SCV  
  17  2:01  Planetary Fortress  
  17  2:06  Sensor Tower  
  17  2:17  Planetary Fortress  
  17  2:25  Missile Turret  
  17  2:43  Hi-Sec Auto Tracking  
  17  2:47  Missile Turret  
  17  2:55  SCV  
  18  3:08  Missile Turret  
  18  3:27  Missile Turret  
  18  3:32  SCV  
  19  3:42  Barracks  
  19  3:44  SCV  
  20  3:56  SCV  
  20  4:01  Command Center  
  21  4:08  SCV  
  22  4:16  Supply Depot  
  22  4:20  SCV  
  23  4:26  Missile Turret  
  23  4:27  Barracks  
  23  4:31  Building Armor  
  23  4:33  SCV  
  24  4:44  Factory  
  24  4:45  Missile Turret  
  24  5:04  SCV  
  24  5:06  Refinery  
  25  5:17  Supply Depot, SCV  
  26  5:29  SCV  
  27  5:39  Supply Depot  
  27  5:40  Starport  
  27  5:41  SCV  
  28  5:54  Starport  
  28  5:57  Factory Reactor  
  28  6:02  Supply Depot  
  28  6:26  Medivac  
  30  6:38  Starport  
  30  6:42  Starport  
  30  6:45  Starport  
  30  6:57  Orbital Command  
  30  7:12  Refinery, SCV  
  31  7:17  SCV  
  31  7:18  Starport  
  32  7:23  Supply Depot  
  32  7:24  SCV  
  32  7:25  Supply Depot  
  32  7:29  SCV  
  34  7:34  Starport Tech Lab  
  34  7:35  Starport Tech Lab  
  34  7:36  Starport Reactor x3, SCV  
  35  7:41  SCV  
  36  7:46  Supply Depot  
  36  7:48  SCV  
  37  7:55  Supply Depot  
  37  8:15  Liberator, Supply Depot  
  37  8:16  Liberator x8  
  37  8:19  Supply Depot  
  37  8:21  Supply Depot  
  64  8:42  Armory  
  64  8:43  Armory  
  64  8:58  Liberator  
  64  9:15  Liberator x3  
  64  9:16  Liberator  
  67  9:26  Starport Tech Lab  
  67  9:31  Raven  
  81  9:52  Refinery  
  81  10:04  Refinery  
  81  10:11  Raven  
  83  10:14  Liberator  
  83  10:15  Liberator x2  
  81  11:13  Liberator x5  
  93  11:41  Liberator x3  
  93  12:17  Liberator x3  
Show
View Real Time Build Order
Export as new Build Order

curnon Protoss - Winner!

Build Orders:  

Get SALT Encoding   

  12  0:02  Probe (Chrono Boost)  
  13  0:12  Probe (Chrono Boost)  
  14  0:20  Pylon  
  14  0:27  Assimilator  
  14  0:55  Forge  
  14  0:57  Gateway  
  14  1:01  Gateway  
  14  1:07  Probe (Chrono Boost)  
  15  1:15  Assimilator  
  15  1:17  Probe (Chrono Boost)  
  16  1:28  Probe (Chrono Boost)  
  17  1:38  Probe (Chrono Boost)  
  18  1:49  Probe (Chrono Boost)  
  19  1:55  Photon Cannon x2  
  19  2:06  Photon Cannon  
  19  2:21  Pylon  
  19  2:25  Probe (Chrono Boost)  
  20  2:35  Probe (Chrono Boost)  
  21  2:46  Probe (Chrono Boost)  
  21  2:49  Nexus  
  22  2:56  Probe (Chrono Boost)  
  23  3:00  Cybernetics Core  
  23  3:17  Pylon  
  23  3:25  Zealot x2  
  27  3:42  Stargate  
  27  3:51  Robotics Facility  
  27  4:01  Probe (Chrono Boost)  
  28  4:02  Assimilator  
  28  4:04  Assimilator  
  28  4:12  Probe (Chrono Boost)  
  28  4:13  Photon Cannon  
  28  4:14  Photon Cannon  
  29  4:20  Protoss Shields Level 1  
  29  4:23  Probe (Chrono Boost)  
  30  4:29  Stargate  
  30  4:33  Probe (Chrono Boost)  
  30  4:34  Void Ray  
  35  4:44  Probe (Chrono Boost)  
  37  4:45  Observer  
  37  4:54  Probe (Chrono Boost)  
  38  5:05  Probe (Chrono Boost)  
  39  5:10  Pylon  
  39  5:12  Pylon  
  39  5:13  Void Ray  
  43  5:14  Pylon  
  43  5:15  Probe (Chrono Boost)  
  43  5:17  Void Ray  
  50  5:21  Mothership Core (Chrono Boost)  
  50  5:26  Protoss Air Weapons Level 1, Probe (Chrono Boost)  
  51  5:54  Twilight Council  
  51  6:07  Immortal  
  55  6:14  Void Ray x2  
  63  6:28  Stargate  
  63  6:32  Probe (Chrono Boost)  
  64  6:42  Probe (Chrono Boost)  
  64  6:46  Immortal  
  69  6:53  Probe (Chrono Boost)  
  70  6:55  Nexus  
  70  6:57  Assimilator  
  70  7:01  Assimilator  
  70  7:03  Void Ray x2  
  78  7:09  Pylon  
  78  7:12  Pylon  
  78  7:21  Protoss Air Armor Level 1  
  78  7:28  Probe (Chrono Boost)  
  79  7:38  Probe (Chrono Boost)  
  80  7:46  Void Ray  
  80  7:49  Void Ray, Probe (Chrono Boost)  
  89  7:56  Void Ray  
  93  7:59  Probe (Chrono Boost)  
  94  8:07  Pylon  
  94  8:09  Pylon  
  94  8:10  Probe (Chrono Boost)  
  94  8:11  Pylon  
  95  8:23  Warp Prism  
  97  8:28  Void Ray  
  101  8:36  Fleet Beacon  
  101  8:43  Probe (Chrono Boost)  
  102  8:52  Protoss Shields Level 2  
  102  8:53  Probe (Chrono Boost)  
  103  9:04  Probe (Chrono Boost)  
  104  9:14  Probe (Chrono Boost)  
  111  9:25  Probe (Chrono Boost)  
  111  9:26  Tempest x2  
  120  9:51  Tempest (Chrono Boost)  
  124  9:59  Protoss Air Weapons Level 2  
  124  10:08  Probe (Chrono Boost)  
  125  10:19  Probe (Chrono Boost)  
  126  10:25  Tempest (Chrono Boost)  
  130  10:28  Probe (Chrono Boost)  
  117  11:01  Tempest (Chrono Boost)  
  117  11:02  Tempest (Chrono Boost)  
  109  11:32  Void Ray (Chrono Boost)  
  117  11:44  Void Ray (Chrono Boost)  
  117  12:28  Nexus  
Show
View Real Time Build Order
Export as new Build Order

Hindulaatti Protoss - Winner!

Build Orders: 1 Gate Expand 

Get SALT Encoding   

  12  0:01  Probe (Chrono Boost)  
  13  0:11  Probe (Chrono Boost)  
  14  0:20  Pylon  
  14  0:23  Probe (Chrono Boost)  
  15  0:38  Gateway, Probe (Chrono Boost)  
  16  0:49  Probe (Chrono Boost)  
  17  0:59  Probe (Chrono Boost)  
  17  1:01  Assimilator  
  18  1:10  Probe (Chrono Boost)  
  19  1:20  Probe (Chrono Boost)  
  19  1:21  Pylon  
  19  1:22  Assimilator  
  20  1:26  Zealot  
  22  1:33  Pylon  
  22  1:36  Probe (Chrono Boost)  
  23  1:40  Nexus  
  24  1:47  Probe (Chrono Boost)  
  24  1:54  Cybernetics Core  
  24  1:58  Probe (Chrono Boost)  
  25  2:10  Probe (Chrono Boost)  
  26  2:21  Probe (Chrono Boost)  
  27  2:27  Gateway  
  27  2:31  Probe (Chrono Boost), Adept  
  27  2:33  Gateway, Warp Gate (Chrono Boost)  
  30  2:44  Robotics Facility  
  30  2:46  Pylon  
  30  2:59  Probe  
  30  3:04  Adept  
  33  3:19  Adept, Probe  
  35  3:20  Probe  
  37  3:29  Probe  
  37  3:31  Adept  
  37  3:33  Mothership Core, Warp Prism  
  44  3:35  Adept  
  46  3:41  Probe  
  46  3:46  Adept  
  49  3:52  Probe  
  49  3:54  Probe  
  51  3:59  Adept  
  51  4:02  Adept  
  55  4:03  Probe  
  55  4:06  Probe  
  57  4:12  Twilight Council  
  57  4:13  Adept  
  59  4:22  Probe  
  59  4:23  Probe  
  61  4:42  Pylon  
  61  4:45  Pylon x2  
  61  4:46  Probe (Chrono Boost)  
  61  4:49  Assimilator x2  
  62  5:00  Probe x2 (Chrono Boost)  
  62  5:01  Gateway x2  
  62  5:02  Adept  
  62  5:03  Gateway, Adept x2  
  66  5:23  Adept x3  
  68  5:45  Adept x2  
  68  5:46  Adept  
  72  5:50  Warp Prism  
  72  5:58  Probe (Chrono Boost)  
  72  5:59  Probe (Chrono Boost)  
  72  6:00  Resonating Glaives (Chrono Boost)  
  72  6:08  Probe  
  72  6:09  Adept x4  
  72  6:10  Adept x2  
  72  6:11  Probe  
  74  6:51  Adept x4  
  74  6:52  Adept x2  
  74  7:16  Stalker  
  76  7:27  Adept  
  76  7:28  Adept x4  
  86  8:05  Probe  
  86  8:07  Probe  
  80  8:16  Zealot x3  
  86  8:40  Dark Shrine  
  86  8:41  Pylon, Immortal  
  86  8:42  Pylon  
  86  8:44  Pylon  
  80  8:49  Pylon  
  80  8:54  Pylon  
  80  8:57  Pylon  
  80  9:02  Blink (Chrono Boost)  
  66  9:29  Stalker x6  
  66  9:40  Gateway  
  66  9:42  Gateway  
  66  9:44  Gateway  
  66  9:47  Gateway  
  66  9:48  Gateway  
  66  9:50  Gateway, Nexus  
  66  9:52  Pylon  
  66  9:54  Observer  
  66  9:55  Stalker x6  
  79  10:00  Probe  
  79  10:01  Probe  
  77  10:25  Stalker x6  
  87  10:30  Immortal  
  91  10:59  Stalker x3  
  91  11:00  Stalker  
  91  11:07  Stalker x2  
  91  11:08  Stalker x5  
  105  11:27  Stalker x5  
  115  11:45  Assimilator  
  115  11:47  Assimilator  
  115  12:13  Stalker x9  
  133  12:15  Stalker  
  133  12:16  Stalker x2  
  111  12:37  Stalker x8  
  111  12:38  Stalker  
  129  13:03  Dark Templar x4  
  129  13:04  Dark Templar x2  
  141  13:11  Nexus  
  141  13:13  Pylon  
  145  13:31  Adept x5  
Show
View Real Time Build Order
Export as new Build Order

Rostislav Protoss - Winner!

Build Orders:  

Get SALT Encoding   

  12  0:07  Probe (Chrono Boost)  
  13  0:18  Probe (Chrono Boost)  
  14  0:28  Assimilator, Probe (Chrono Boost)  
  15  0:32  Assimilator  
  15  0:44  Pylon  
  15  1:02  Probe (Chrono Boost)  
  16  1:30  Probe (Chrono Boost)  
  17  1:40  Probe (Chrono Boost)  
  18  1:51  Probe (Chrono Boost)  
  19  2:01  Probe (Chrono Boost)  
  21  2:23  Probe (Chrono Boost)  
  21  2:47  Probe (Chrono Boost)  
  22  2:58  Probe (Chrono Boost)  
  23  3:05  Forge  
  23  8:31  Photon Cannon  
  23  8:34  Photon Cannon  
  23  8:37  Pylon  
Show
View Real Time Build Order
Export as new Build Order

Ikke Terran 

Build Orders:  

Get SALT Encoding   

  12  0:02  SCV  
  13  0:14  SCV  
  14  0:28  Supply Depot, SCV  
  15  0:49  SCV  
  16  0:54  Barracks  
  16  1:01  SCV  
  17  1:10  Refinery  
  17  1:12  Supply Depot  
  17  1:14  SCV  
  18  1:25  Refinery  
  18  1:26  SCV  
  19  1:38  SCV  
  20  1:47  Command Center  
  20  1:59  SCV, Barracks  
  21  2:11  SCV  
  22  2:17  Supply Depot  
  22  2:21  Barracks Reactor  
  22  2:32  SCV  
  23  2:44  SCV  
  24  2:52  Barracks  
  24  2:53  Barracks Reactor  
  24  2:56  SCV  
  25  2:58  Marine  
  25  2:59  Marine  
  27  3:14  SCV  
  27  3:16  Marine x2  
  30  3:24  SCV  
  30  3:26  SCV  
  32  3:31  Marine x2  
  34  3:36  SCV  
  34  3:38  SCV  
  34  3:40  Marine x2  
  38  3:42  Marine  
  39  3:48  SCV  
  39  3:50  SCV  
  41  3:59  Factory  
  41  4:00  SCV  
  41  4:01  Barracks Reactor  
  41  4:02  SCV  
  43  4:03  Marine  
  43  4:04  Marine x3  
  45  4:12  SCV  
  45  4:17  SCV  
  46  4:28  Marine x2  
  46  4:29  SCV  
  46  4:30  Marine  
  46  4:31  Marine  
  51  4:38  Supply Depot  
  51  4:41  SCV  
  52  4:46  Marine x2, Factory Tech Lab  
  52  4:47  Supply Depot  
  52  4:52  Starport, Marine  
  53  4:53  Marine  
  53  4:55  Marine  
  49  5:04  Marine x3  
  46  5:10  Marine  
  24  5:30  Marine x4  
  24  5:31  Marine x2  
  21  5:48  Marine  
  12  6:15  Marine x6  
  16  6:27  SCV  
  16  6:32  Marine, SCV  
  18  6:33  Marine  
  17  6:53  Siege Tank  
  20  6:56  SCV  
  20  7:00  SCV  
  22  7:08  Medivac, SCV  
  25  7:18  SCV  
  25  7:20  SCV  
  27  7:34  Siege Tank  
  27  7:35  Marine x2  
  32  7:38  Marine  
  33  7:45  SCV  
  33  7:50  SCV  
  35  7:57  SCV  
  36  8:03  SCV  
  35  8:09  SCV  
  34  8:21  SCV  
  35  8:31  Marine x2  
  35  8:32  Marine x4  
  41  8:34  Siege Tank  
  41  8:36  Medivac  
  46  8:49  Supply Depot  
  46  9:10  Engineering Bay, Marine x3, SCV x2  
  46  9:15  Supply Depot  
  51  9:22  SCV  
  52  9:28  Marine x2  
  54  9:36  SCV x2  
  56  9:39  Supply Depot  
  56  9:49  SCV  
  57  9:53  Supply Depot  
  57  9:59  Marine x2  
  59  10:00  Marine  
  59  10:01  SCV  
  59  10:03  Siege Tank  
  64  10:08  Medivac  
  66  10:15  Supply Depot  
  66  10:30  Marine x4  
  66  10:31  Marine  
  71  10:56  Supply Depot  
  71  10:57  Marine x2  
  71  10:58  Siege Tank  
  71  10:59  Supply Depot  
  71  11:01  Medivac  
  78  11:40  Marine  
  78  11:41  Marine x5  
  84  11:58  Marine  
  84  11:59  Marine x5  
  90  12:16  Marine  
  90  12:17  Marine x5  
  81  12:34  Marine x4  
  46  12:54  Siege Tank  
  49  12:58  Marine  
  49  12:59  Marine x4  
  49  13:00  Marine  
  49  13:01  Viking  
  57  13:09  Supply Depot  
  57  13:11  Supply Depot  
Show
View Real Time Build Order
Export as new Build Order

Nutzratte Terran 

Build Orders:  

Get SALT Encoding   

  12  0:01  SCV  
  13  0:14  SCV  
  14  0:20  Supply Depot  
  14  0:26  SCV  
  15  0:37  Refinery  
  15  0:42  SCV  
  16  0:54  SCV  
  17  0:57  Barracks  
  17  1:06  SCV  
  18  1:18  SCV  
  19  1:30  SCV  
  20  1:45  Supply Depot  
  20  2:02  Marine  
  21  2:09  Command Center  
  21  2:12  SCV  
  22  2:17  Refinery  
  22  2:30  Barracks Reactor  
  22  2:37  Factory  
  22  2:44  SCV  
  23  2:56  SCV  
  24  3:07  Marine x2  
  24  3:08  SCV  
  27  3:20  SCV  
  27  3:23  Supply Depot, SCV  
  27  3:25  Marine  
  30  3:27  Supply Depot  
  30  3:32  SCV  
  31  3:35  SCV  
  31  3:37  Factory Reactor  
  32  3:47  SCV  
  32  3:48  Barracks  
  33  3:54  Marine x2  
  35  3:59  SCV  
  36  4:05  SCV  
  37  4:11  SCV  
  37  4:12  Marine  
  37  4:15  Hellion  
  37  4:16  Hellion  
  43  4:17  SCV  
  43  4:23  SCV  
  45  4:29  Refinery  
  45  4:32  SCV  
  45  4:35  SCV  
  45  4:36  Marine x2  
  45  4:37  Hellion  
  45  4:38  Starport, Hellion  
  53  4:45  SCV, Barracks Reactor  
  54  4:47  SCV  
  55  4:57  SCV  
  55  4:59  SCV  
  57  5:04  Hellion x2  
  61  5:16  Starport Reactor, Engineering Bay  
  61  5:23  Marine  
  62  5:33  Supply Depot  
  62  5:55  Marine x4, Hellion x2  
  62  5:56  Supply Depot  
  70  6:17  Marine x2  
  72  6:19  SCV  
  73  6:31  SCV  
  74  6:43  SCV  
  58  7:03  Medivac x2  
  58  7:06  Marine x2  
  64  7:10  Marine x2  
  64  7:12  Terran Infantry Weapons Level 1  
  66  7:18  Refinery  
  66  7:20  Hellion x2  
  70  7:24  Marine x2  
  72  7:33  Medivac  
  72  7:35  Marine x2  
  76  7:40  Medivac  
  78  7:50  Supply Depot  
  78  8:05  Factory  
  78  8:11  Marine x4  
  78  8:12  Hellion x2  
  86  8:14  Supply Depot  
  86  8:35  Marine x4  
  86  8:36  Hellion x2  
  94  8:44  Supply Depot  
  94  8:53  Marine  
  94  8:55  Marine  
  94  8:56  SCV  
  94  8:59  Marine  
  94  9:03  Marine  
  94  9:05  Hellion  
  94  9:06  Terran Infantry Armor Level 1, Hellion  
  94  9:07  Supply Depot  
  93  9:11  Marine  
  86  9:17  Marine  
  81  9:30  Hellion x2  
  85  9:33  Marine x3  
  85  9:35  Marine  
  89  9:42  Factory Tech Lab  
  87  9:50  Marine x2  
  87  9:51  Marine, Hellion  
  87  9:52  Marine, Hellion  
  94  9:59  Medivac  
  85  10:00  Medivac  
  99  10:08  Marine x2  
  99  10:09  Marine  
  99  10:10  Marine  
  99  10:13  Hellion x2  
  103  10:26  Marine  
  103  10:29  Medivac x2  
  103  10:34  Hellion  
  109  10:46  Hellion  
  70  10:59  Medivac  
  55  11:14  Siege Tank  
  58  11:20  Marine x2  
  58  11:24  Marine x2  
  62  11:38  Marine x2  
  64  11:42  Marine x2  
  64  11:46  Siege Tank  
  69  11:55  Marine  
  69  11:56  Marine  
  69  11:59  Marine  
  69  12:00  Marine  
  60  12:13  Marine x2  
  58  12:17  Marine x2  
  58  12:18  Siege Tank  
  63  12:32  Hellion x2  
  57  12:51  Siege Tank  
  57  12:53  Hellion x2  
Show
View Real Time Build Order
Export as new Build Order

Eiron Protoss 

Build Orders:  

Get SALT Encoding   

  12  0:01  Probe (Chrono Boost)  
  13  0:12  Probe (Chrono Boost)  
  14  0:21  Pylon  
  14  0:22  Probe (Chrono Boost)  
  15  0:39  Probe (Chrono Boost)  
  15  0:42  Gateway  
  16  0:49  Probe (Chrono Boost)  
  17  0:53  Assimilator  
  17  1:00  Probe (Chrono Boost)  
  18  1:05  Forge  
  18  1:27  Pylon  
  18  1:35  Cybernetics Core  
  18  1:37  Probe (Chrono Boost)  
  19  1:41  Zealot (Chrono Boost)  
  21  1:48  Photon Cannon  
  21  1:49  Probe  
  22  1:55  Pylon  
  22  2:23  Nexus  
  22  2:29  Pylon  
  22  2:35  Assimilator  
  23  2:37  Probe  
  23  2:49  Probe  
  24  3:01  Mothership Core  
  26  3:09  Photon Cannon  
  26  3:13  Pylon  
  26  3:19  Photon Cannon  
  26  3:22  Probe  
  27  3:33  Probe  
  27  3:34  Probe  
  29  3:44  Probe  
  29  3:47  Probe  
  31  3:53  Stalker (Chrono Boost)  
  31  3:54  Probe  
  33  3:59  Probe  
  35  4:22  Probe  
  36  4:24  Probe  
  37  4:32  Stargate, Probe  
  37  4:34  Stargate  
  37  4:37  Probe  
  39  4:39  Stargate  
  39  4:43  Probe  
  40  4:49  Probe  
  40  4:56  Photon Cannon  
  40  5:01  Probe  
  41  5:09  Assimilator  
  41  5:11  Assimilator  
  41  5:13  Pylon, Probe  
  42  5:29  Void Ray (Chrono Boost)  
  42  5:30  Void Ray (Chrono Boost)  
  48  5:42  Probe  
  47  5:54  Probe  
  47  5:56  Photon Cannon  
  48  5:58  Photon Cannon  
  52  6:05  Void Ray (Chrono Boost), Photon Cannon  
  52  6:06  Probe  
  52  6:07  Pylon  
  53  6:11  Pylon  
  53  6:18  Probe  
  54  6:21  Void Ray (Chrono Boost)  
  58  6:27  Pylon  
  58  6:32  Fleet Beacon  
  58  7:00  Probe  
  59  7:07  Photon Cannon  
  59  7:10  Void Ray x2 (Chrono Boost)  
  59  7:12  Probe  
  72  7:16  Void Ray (Chrono Boost)  
  72  7:24  Probe  
  79  7:39  Probe  
  80  7:51  Probe  
  85  7:58  Tempest (Chrono Boost)  
  85  8:04  Probe  
  85  8:05  Tempest (Chrono Boost)  
  90  8:33  Tempest (Chrono Boost)  
  98  8:43  Pylon  
  98  8:44  Tempest (Chrono Boost)  
  98  8:46  Pylon  
  98  8:50  Pylon  
  98  9:04  Carrier (Chrono Boost)  
  104  9:33  Carrier (Chrono Boost)  
  122  10:44  Carrier (Chrono Boost)  
  124  10:51  Carrier (Chrono Boost)  
  124  10:55  Carrier (Chrono Boost)  
  92  11:09  Mothership Core  
  84  11:58  Carrier (Chrono Boost)  
  90  12:02  Photon Cannon  
  90  12:04  Photon Cannon  
  90  12:06  Pylon  
  96  12:09  Photon Cannon  
  96  12:10  Pylon  
  96  12:21  Carrier (Chrono Boost)  
  102  12:52  Photon Cannon  
Show
View Real Time Build Order
Export as new Build Order

Schizzy Protoss 

Build Orders:  

Get SALT Encoding   

  12  0:02  Probe (Chrono Boost)  
  13  0:13  Probe (Chrono Boost)  
  14  0:26  Probe (Chrono Boost)  
  15  0:31  Pylon  
  15  0:45  Assimilator  
  15  0:49  Probe (Chrono Boost)  
  16  1:00  Probe (Chrono Boost)  
  17  1:10  Gateway  
  17  1:12  Forge  
  17  1:13  Probe (Chrono Boost)  
  18  1:23  Probe (Chrono Boost)  
  18  1:24  Assimilator  
  19  1:29  Pylon  
  19  1:34  Probe (Chrono Boost)  
  20  1:51  Photon Cannon  
  20  1:54  Probe (Chrono Boost)  
  21  2:05  Probe (Chrono Boost)  
  21  2:07  Cybernetics Core  
  22  2:30  Probe (Chrono Boost)  
  22  2:33  Nexus  
  22  2:35  Pylon  
  23  2:44  Stalker  
  25  2:55  Probe (Chrono Boost)  
  26  2:59  Pylon  
  26  3:06  Protoss Air Armor Level 1 (Chrono Boost)  
  26  3:07  Probe  
  27  3:19  Stargate, Probe  
  28  3:31  Probe  
  29  3:43  Probe  
  29  3:44  Probe  
  31  3:54  Probe  
  31  3:55  Probe, Photon Cannon  
  33  4:07  Fleet Beacon  
  33  4:08  Mothership Core  
  35  4:17  Probe  
  36  4:28  Void Ray, Probe  
  36  4:29  Probe  
  42  4:38  Probe  
  42  4:41  Probe  
  42  4:43  Assimilator  
  44  4:47  Assimilator  
  44  4:49  Probe  
  45  4:53  Probe  
  45  4:57  Protoss Air Weapons Level 1 (Chrono Boost)  
  46  5:02  Probe  
  46  5:05  Probe  
  48  5:13  Probe  
  48  5:17  Probe  
  50  5:24  Probe  
  51  5:29  Probe  
  51  5:34  Probe  
  52  5:38  Stargate  
  52  5:39  Stargate  
  52  5:41  Stargate  
  53  5:54  Void Ray  
  57  5:57  Nexus  
  57  5:59  Assimilator  
  57  6:04  Assimilator  
  57  6:06  Pylon  
  57  6:09  Pylon  
  57  6:17  Probe  
  58  6:22  Void Ray  
  58  6:23  Void Ray  
  66  6:30  Void Ray  
  70  6:45  Probe  
  71  6:53  Probe  
  72  6:55  Probe  
  73  7:01  Pylon  
  73  7:04  Pylon  
  73  7:05  Probe  
  73  7:06  Probe  
  73  7:07  Pylon  
  75  7:13  Pylon  
  81  7:16  Pylon  
  81  7:17  Probe  
  81  7:18  Probe  
  83  7:28  Probe  
  84  7:38  Void Ray x2  
  84  7:39  Probe  
  93  7:45  Void Ray, Nexus  
  93  7:47  Assimilator  
  93  7:49  Probe  
  98  7:52  Assimilator  
  98  7:53  Void Ray  
  102  8:00  Probe  
  103  8:14  Protoss Air Armor Level 2 (Chrono Boost)  
  103  8:18  Cybernetics Core  
  103  8:22  Probe  
  104  8:28  Void Ray x2  
  104  8:33  Probe  
  108  8:44  Probe  
  105  8:49  Probe  
  106  8:56  Pylon  
  106  8:58  Void Ray x2  
  106  9:01  Pylon, Probe  
  115  9:13  Probe  
  115  9:15  Stargate x2  
  115  9:20  Stargate  
  115  9:22  Stargate  
  115  9:33  Probe  
  116  9:44  Probe  
  117  9:54  Probe  
  117  9:56  Tempest x2  
  117  9:57  Tempest  
  130  10:00  Void Ray  
  130  10:05  Probe  
  135  10:15  Probe  
  134  10:46  Void Ray x3  
  134  10:47  Void Ray x2  
  90  11:21  Void Ray  
  74  12:00  Void Ray  
  73  12:04  Void Ray  
Tags
 
Add a new tag
Caveats
  • Supply blocks, unpowered buildings, or Contaminate may cause inaccurate times.
  • Supply counts are checked every 10 seconds.